[Event "Early-Titled-Tuesday-Blitz-February-20-2024"]
[Site "Chess.com"]
[Date "2024.02.20"]
[Round "1"]
[White "Ali_rastbod"]
[Black "patzersame"]
[Result "1-0"]
[WhiteElo "2690"]
[BlackElo "2361"]
[TimeControl "180+1"]
[EndTime "8:08:08 PST"]
[Termination "Ali_rastbod won by checkmate"]

1. e4 e5 2. Nf3 Nf6 3. Nc3 Nc6 4. h3 a6 5. a3 g6 6. d4 exd4 7. Nxd4 Bg7 8. Nxc6 bxc6 9. e5 Nd5 10. Nxd5 cxd5 11. Qxd5 Rb8 12. Bc4 O-O 13. O-O Qh4 14. Bb3 Rb5 15. Qc4 Qxc4 16. Bxc4 Rxe5 17. Be3 Bb7 18. Rad1 d6 19. c3 Rfe8 20. Rd2 Kf8 21. Bd4 Rg5 22. f4 Bxd4+ 23. cxd4 Rg3 24. Kh2 Rge3 25. d5 f5 26. Rc1 R8e7 27. Bf1 h6 28. g3 Ke8 29. Kg2 Kd8 30.
Kf2 g5 31. Bg2 gxf4 32. gxf4 Rb3 33. Re1 Rxe1 34. Kxe1 Re3+ 35. Kf2 Re7 36. Bf3 Ke8 37. b4 Kf7 38. a4 Kf6 39. a5 Re8 40. Rc2 Re7 41. Rd2 Bc8 42. Rd4 Bd7 43. Be2 Bc8 44. b5 axb5 45. Bxb5 Re4 46. Rxe4 fxe4 47. a6 Bxa6 48.
Bxa6 Kf5 49. Ke3 Kg6 50. Bc8 Kh5 51. Kxe4 Kh4 52. Bd7 h5 53. Kf5 Kg3 54. Kg5 h4 55. f5 Kf3 56. f6 Ke4 57. f7 Ke5 58. f8=Q c6 59. dxc6 d5 60. Qf4# 1-0

[Event "Early-Titled-Tuesday-Blitz-February-20-2024"]
[Site "Chess.com"]
[Date "2024.02.20"]
[Round "1"]
[White "GlavkonVVS"]
[Black "cmunda"]
[Result "0-1"]
[WhiteElo "2551"]
[BlackElo "2143"]
[TimeControl "180+1"]
[EndTime "8:08:08 PST"]
[Termination "cmunda won by checkmate"]

1. c4 e6 2. g3 f5 3. Bg2 Nf6 4. Nc3 Nc6 5. Nf3 d6 6. O-O Be7 7. d3 O-O 8. Rb1 a5 9. a3 Ne5 10. Nxe5 dxe5 11. b4 axb4 12. axb4 Rb8 13. b5 Qe8 14. b6 c6 15. Na4 Qh5 16. Bb2 f4 17.
e4 Qxd1 18. Rbxd1 Nd7 19. Bh3 Rf6 20. gxf4 Rg6+ 21. Kh1 exf4 22. Rg1 Kf7 23. d4 Ra8 24. Rxg6 hxg6 25. Ra1 c5 26. d5 exd5 27. cxd5 Bd6 28. Be6+ Kf8 29. f3 Be5 30. Bxe5 Nxe5 31. Bxc8 Rxc8 32. Rc1 c4 33. Kg2 g5 34. h3 Ke7 35.
Rc3 Kd6 36. Kf2 Nd3+ 37. Ke2 Ne5 38. Kd2 Rh8 39. Nb2 Kc5 40. Nxc4 Nxc4+ 41. Kd3 Rxh3 42. Rxc4+ Kxb6 43. e5 Rxf3+ 44. Ke4 Re3+ 45. Kf5 f3 46. d6 f2 47. Rc1 Re1 48. d7 f1=Q+ 49.
Ke6 Qh3+ 50. Ke7 Rxe5+ 51. Kf8 Qxd7 52. Rb1+ Ka7 53. Kg8 g6 54. Re1 Rxe1 55. Kf8 Re8# 0-1

[Event "Early-Titled-Tuesday-Blitz-February-20-2024"]
[Site "Chess.com"]
[Date "2024.02.20"]
[Round "1"]
[White "Nechitaylo_Nikita"]
[Black "Hsper248"]
[Result "1/2-1/2"]
[WhiteElo "2335"]
[BlackElo "2657"]
[TimeControl "180+1"]
[EndTime "8:08:12 PST"]
[Termination "Game drawn - timeout vs insufficient material"]

1. d4 d5 2. c4 c6 3. cxd5 cxd5 4. Bf4 Nc6 5. e3 Nf6 6. Nc3 Bf5 7. Qb3 Na5 8. Qa4+ Bd7 9. Qc2 e6 10. Nf3 Be7 11. Bd3 Rc8 12. h3 a6 13. O-O Nc4 14. Qe2 O-O 15. Ne5 b5 16. Rac1 Be8 17. Bh2 Nd7 18. f4 f5 19. g4 Ndxe5 20. fxe5 g6 21. gxf5 exf5 22. b3 Nb6 23. Qg2 Kh8 24. e6 Rc6 25. Ne2 Bd6 26. Rxc6 Bxc6 27. Bxd6 Qxd6 28. Nf4 Nc8 29. Rc1 Bb7 30. Qg5 Qe7 31. Qxe7 Nxe7 32. Rc7 Re8 33. Rxb7 g5 34. Ne2 Kg7 35. Bxf5 Kf6 36.
Bxh7 Rh8 37. Bd3 Rxh3 38. Kf2 Rh2+ 39. Kf3 Rh3+ 40. Ng3 Kxe6 41. Rb6+ Kf7 42. Rxa6 b4 43. Rb6 Rh2 44. Rxb4 Rxa2 45. Rb7 Ke6 46. Rb6+ Kd7 47. b4 Ra3 48. Bb5+ Kc7 49. Re6 Nc8 50. Rc6+ Kb7 51.
Nf5 g4+ 52. Kxg4 Kb8 53. Nd6 Na7 54. Rb6+ Kc7 55. Ra6 Rxa6 56. Ne8+ Kb6 57. Bxa6 Kxa6 58. Nf6 Kb5 59. Nxd5 Kc4 1/2-1/2

[Event "Early-Titled-Tuesday-Blitz-February-20-2024"]
[Site "Chess.com"]
[Date "2024.02.20"]
[Round "1"]
[White "Hope_6"]
[Black "ExchangeAB"]
[Result "1-0"]
[WhiteElo "2802"]
[BlackElo "2449"]
[TimeControl "180+1"]
[EndTime "8:08:15 PST"]
[Termination "Hope_6 won by resignation"]

1. d4 d5 2. c4 c6 3. cxd5 cxd5 4. Nc3 Nf6 5. Bf4 Nc6 6. Nf3 Bf5 7. e3 e6 8. Bb5 Rc8 9. Ne5 Qb6 10. O-O Bb4 11.
Nxc6 bxc6 12. Ba4 O-O 13. Rc1 c5 14. dxc5 Rxc5 15. Be5 Rcc8 16. Bd4 Qa5 17. Bb3 Rfd8 18. a3 Bf8 19. Na4 Ne4 20. f3 Nd2 21. Bc3 Rxc3 22. Qxd2 Rc5 23. Qd4 Rxc1 24. Rxc1 Qb5 25. Ba2 Bg6 26.
h4 h5 27. Nc5 a5 28. a4 Qb6 29.
Nb3 Qxd4 30. Nxd4 Rb8 31. b3 e5 32. Nc6 Rb7 33. Nxa5 Rd7 34. Nc6 d4 35. e4 Ba3 36.
Rd1 f6 37. b4+ Bf7 38. Bxf7+ Kxf7 39. b5 d3 40. Kf2 Bc5+ 41. Ke1 Be3 42. a5 Rc7 43. a6 Rd7 44. Rb1 d2+ 45. Kd1 Bb6 46. Ra1 Be3 47. a7 Bxa7 48. Rxa7 Rxa7 49. Nxa7 Ke6 50.
b6 Kd7 51. b7 Kc7 52. b8=Q+ Kxb8 53. Nc6+ Kc7 54. Ne7 Kd6 55. Nf5+ Kc5 56. Nxg7 Kd4 57. Ne8 Ke3 58. Nxf6 Kf2 59. g4 hxg4 60. fxg4 Kf3 61. h5 Kf4 62. h6 Kg5 63. h7 1-0

[Event "Early-Titled-Tuesday-Blitz-February-20-2024"]
[Site "Chess.com"]
[Date "2024.02.20"]
[Round "1"]
[White "chess94cu"]
[Black "AniJak"]
[Result "1-0"]
[WhiteElo "2669"]
[BlackElo "2326"]
[TimeControl "180+1"]
[EndTime "8:08:15 PST"]
[Termination "chess94cu won on time"]

1. Nf3 d5 2. c4 c6 3. e3 Nf6 4. Nc3 e6 5. d4 Nbd7 6. b3 Bd6 7. Bd3 O-O 8. O-O Qe7 9. Bb2 dxc4 10.
Bxc4 e5 11. h3 e4 12. Nd2 Nb6 13. Be2 Bf5 14. a4 Rfe8 15. a5 Nbd5 16. Nc4 Bb8 17. a6 Qc7 18. Ne5 Nxc3 19. Bxc3 b6 20. Bc4 Bg6 21.
f3 b5 22. Be2 Nd5 23. Ba5 Qd6 24. Qd2 f6 25. f4 fxe5 26. fxe5 Qe7 27. Rac1 Qg5 28.
Rxc6 Nxe3 29. Rf2 Qg3 30. Rc3 Nf1 31. Bxf1 Qh4 32. Qf4 Qxf4 33. Rxf4 e3 34. Rxe3 Bd6 35. Bd3 Bf8 36. Bxg6 hxg6 37. Rg4 Rad8 38. Ree4 Rd7 39. Rxg6 Rf7 40. Rc6 Rf5 41. g4 Rf3 42. Rc3 Rxc3 43. Bxc3 Kf7 44. Kg2 Ke6 45. Ba5 Kd5 46. Rf4 Ba3 47.
Kf3 Re7 48. Ke2 Bb2 49. Kd3 Ba1 50. Bb4 Rd7 51. Bc5 Ke6 52. Ke4 Bb2 53. Rf8 Bc1 54.
Rb8 Kf7 55. Rb7 Rxb7 56. axb7 1-0

[Event "Early-Titled-Tuesday-Blitz-February-20-2024"]
[Site "Chess.com"]
[Date "2024.02.20"]
[Round "1"]
[White "Rud_Makarian"]
[Black "jerry_77"]
[Result "1-0"]
[WhiteElo "3086"]
[BlackElo "2536"]
[TimeControl "180+1"]
[EndTime "8:08:17 PST"]
[Termination "Rud_Makarian won by resignation"]

1. d4 Nf6 2. c4 e6 3. Nf3 d5 4.
g3 Be7 5. Bg2 O-O 6. Nc3 dxc4 7.
Ne5 c5 8. dxc5 Qc7 9. Nxc4 Bxc5 10. Qb3 Nc6 11. O-O a6 12. Bg5 b5 13. Nd2 Nd7 14. Nce4 Nd4 15. Qd1 Ba7 16. Rc1 Qb6 17. Be7 Re8 18.
Nd6 Rxe7 19. Nxc8 Rxc8 20. Rxc8+ Nf8 21. e3 Nf5 22. Ne4 f6 23. Qd8 Qxd8 24. Rxd8 Rd7 25. Rxd7 Nxd7 26. Rd1 Ne5 27. Rd8+ Kf7 28. Ra8 Bb6 29.
Rxa6 Bd8 30. Nd6+ Nxd6 31. Rxd6 Be7 32. Rb6 b4 33. Bf1 g5 34. Kg2 g4 35. h3 h5 36.
hxg4 hxg4 37. Ba6 Bc5 38. Rb7+ Kg6 39. Rc7 Bd6 40. Rc2 f5 41. Rd2 Be7 42. Rc2 Kf6 43. Rc8 Nf3 44. Bc4 Ne5 45. Bb3 Bd6 46. Bc4 Ke7 47. Be2 Kf6 48. Ra8 Be7 49. a4 bxa3 50. bxa3 Nc6 51. a4 Ke5 52. a5 Kd6 53. a6 Kc7 54. Bc4 e5 55. Be6 f4 56. exf4 exf4 57. Bxg4 fxg3 58. fxg3 Bd8 59. Bf3 Nb8 60. a7 Nd7 61. Rxd8 1-0

[Event "Early-Titled-Tuesday-Blitz-February-20-2024"]
[Site "Chess.com"]
[Date "2024.02.20"]
[Round "1"]
[White "tarno17"]
[Black "noblerone"]
[Result "1-0"]
[WhiteElo "2134"]
[BlackElo "2545"]
[TimeControl "180+1"]
[EndTime "8:08:17 PST"]
[Termination "tarno17 won by resignation"]

1. e4 c5 2. Nf3 e6 3. d3 Nc6 4. g3 d5 5. Nc3 Nf6 6. exd5 exd5 7.
Bg2 Be7 8. O-O O-O 9. h3 h6 10. d4 Bf5 11. Be3 c4 12. a3 a6 13. Nh4 Bh7 14. Rc1 b5 15. f4 Rb8 16. f5 a5 17.
Ne2 b4 18. Nf4 bxa3 19. bxa3 Rb2 20. Nh5 Bxa3 21. Nxf6+ Qxf6 22. Bxd5 Rd8 23. Bxc6 Qxc6 24. f6 Qe6 25. Qf3 g5 26. Ng2 Re8 27. Ra1 Bb4 28. h4 Rxc2 29. hxg5 Qh3 30. Bf2 Be4 31. Nf4 Bxf3 32.
Nxh3 Bd5 33. gxh6 Kh7 34. Ng5+ Kg6 35. Nh3 Kxh6 36. Nf4 Kh7 37. Nxd5 Ree2 38. Nf4 Red2 39. Rad1 Rxd1 40. Rxd1 c3 41. d5 Rd2 42. Rc1 a4 43. Be3 Rb2 44. Nd3 Rb3 45. Nxb4 Rxb4 46. Rxc3 Rb3 47. Rxb3 axb3 48. Bd4 Kg6 49. Kf2 Kf5 50.
Ke3 Kg4 51. Kf2 Kf5 52. Kf3 Kg6 53. g4 Kg5 54. Kg3 Kg6 55. Kf4 Kh6 56. g5+ Kg6 57. Kg4 Kh7 58. Kf5 Kg8 59. d6 Kf8 60. d7 Kg8 61.
d8=Q+ Kh7 62. Qf8 1-0

[Event "Early-Titled-Tuesday-Blitz-February-20-2024"]
[Site "Chess.com"]
[Date "2024.02.20"]
[Round "1"]
[White "platy3"]
[Black "DvaHrasta"]
[Result "1-0"]
[WhiteElo "2966"]
[BlackElo "2514"]
[TimeControl "180+1"]
[EndTime "8:08:19 PST"]
[Termination "platy3 won on time"]

1. e4 c6 2. d4 d5 3. e5 c5 4.
Nf3 cxd4 5. Qxd4 Nc6 6. Qf4 e6 7. Bd3 Nge7 8. Nc3 Ng6 9. Qg3 a6 10. h4 Qc7 11. Bxg6 hxg6 12. O-O b5 13. Bg5 b4 14.
Ne2 Bc5 15. Nf4 Ne7 16. Nd3 Nf5 17. Qg4 a5 18. Rfc1 Ba6 19. Nxc5 Qxc5 20. c3 Qc4 21. Qxc4 Bxc4 22. g3 O-O 23. Nd2 f6 24. Bf4 Rfc8 25. f3 Bb5 26. Kf2 bxc3 27. bxc3 Bc4 28. a4 Kf7 29. Rab1 Ra7 30. Rb6 Ne7 31. Re1 Nc6 32.
Nxc4 dxc4 33. exf6 gxf6 34. Rd1 e5 35. Be3 Re7 36.
Rd6 Re6 37. Rb7+ Re7 38. Rb5 Re6 39. Rdd5 Ne7 40. Rd7 Ke8 41. Ra7 Rd8 42. Raxa5 Rd3 43. Ra8+ Kf7 44. a5 Rxc3 45. a6 Rc2+ 46. Kf1 Ra2 47. a7 c3 48. Rh8 Rea6 49. Rbb8 Nd5 50.
Bf2 c2 51. Rhc8 Ra1+ 52. Kg2 c1=Q 53. Rxc1 Rxc1 54. a8=Q Rxa8 55. Rxa8 Rc2 56. Ra7+ Ke6 57. Kg1 Nc3 58. Rg7 1-0

[Event "Early-Titled-Tuesday-Blitz-February-20-2024"]
[Site "Chess.com"]
[Date "2024.02.20"]
[Round "1"]
[White "Manukyan_Artak"]
[Black "ZachHKL"]
[Result "1/2-1/2"]
[WhiteElo "2548"]
[BlackElo "2113"]
[TimeControl "180+1"]
[EndTime "8:08:19 PST"]
[Termination "Game drawn - insufficient material"]

1. e4 c5 2. Nf3 d6 3. Bb5+ Nd7 4. O-O g6 5. c3 a6 6. Bd3 Bg7 7. Bc2 e5 8. d4 cxd4 9. cxd4 Ne7 10. Nc3 O-O 11.
a4 Re8 12. Bg5 h6 13. Bh4 g5 14. Bg3 Nc6 15. d5 Nb4 16. Bb3 Nc5 17. Bc4 Bd7 18. Ne1 Rc8 19. Be2 Qb6 20. a5 Qc7 21. Bg4 Bxg4 22. Qxg4 Nbd3 23. Nxd3 Nxd3 24. Nd1 Qe7 25. Ne3 Nxb2 26. Nf5 Qf6 27. Rfb1 Nc4 28. Rxb7 Nxa5 29. Rbb1 Nc4 30. Rxa6 Ra8 31. Rxa8 Rxa8 32. h4 Nd2 33. hxg5 hxg5 34. Re1 Nb3 35. f3 Nd4 36. Nxd4 exd4 37. e5 dxe5 38. Bxe5 Qg6 39. Qxd4 Bf8 40. d6 Rd8 41. Rd1 Rd7 42. g4 Bg7 43. Bxg7 Qxg7 44. Kf2 Qh7 45. Kg2 Qg7 46. Qd5 Qg6 47. Rd2 Kg7 48.
Kf2 Qh6 49. Qe5+ Qf6 50. Qd5 Qh6 51. Kg3 Qh4+ 52. Kg2 Qh6 53. Rd1 Qf6 54. Kf2 Qh6 55.
Ke3 Qf6 56. Qd4 Qxd4+ 57. Rxd4 Kf6 58. f4 gxf4+ 59. Kxf4 Ke6 60. Kg5 Rd8 61. Kh6 Rxd6 62. Rxd6+ Kxd6 63. Kg7 Ke7 64. g5 Ke6 65. Kg8 Ke7 66.
Kg7 Ke6 67. Kf8 Kf5 68. Kxf7 Kxg5 1/2-1/2

[Event "Early-Titled-Tuesday-Blitz-February-20-2024"]
[Site "Chess.com"]
[Date "2024.02.20"]
[Round "1"]
[White "FaustinoOro"]
[Black "AwareIdea"]
[Result "0-1"]
[WhiteElo "2903"]
[BlackElo "2523"]
[TimeControl "180+1"]
[EndTime "8:08:20 PST"]
[Termination "AwareIdea won by resignation"]

1. e4 e5 2. Nf3 Nc6 3. Bb5 Nf6 4. d3 Bc5 5. c3 d6 6. O-O O-O 7. Nbd2 Ne7 8. d4 exd4 9. cxd4 Bb6 10. Bd3 Bg4 11.
h3 Bh5 12. Qc2 Bg6 13. Re1 Re8 14. Nc4 d5 15. Nxb6 axb6 16. e5 Ne4 17. Bf4 c5 18.
b3 Nc6 19. Qb2 f6 20. exf6 Qxf6 21. Be5 Nxe5 22. Nxe5 cxd4 23. Ng4 Qf4 24. Qxd4 h5 25. Qxd5+ Kh7 26. Bxe4 Rxe4 27. Rxe4 Qxe4 28. Qxe4 Bxe4 29. Ne3 b5 30. f3 Bg6 31. Nd5 Bf7 32. Nc7 Ra5 33. b4 Ra4 34. a3 Bc4 35. Kf2 b6 36.
Ne8 Ra7 37. Nd6 Rd7 38. Ne4 Rd3 39. a4 bxa4 40. Rxa4 Rb3 41. Kg3 Rb2 42. Ra7 Bf1 43. Nf2 h4+ 44. Kxh4 Rxf2 45. g4 b5 46. Kg3 Rg2+ 47. Kf4 Rb2 48. Kg5 Rxb4 49. h4 Be2 50. f4 Rc4 51. h5 Rc5+ 52. f5 Rc6 53. Rb7 Bc4 54. Kf4 Be2 55. Kg5 Rc4 56. f6 Rxg4+ 57.
Kf5 Rg2 58. f7 Rf2+ 59. Ke6 Bc4+ 60. Kd6 Rxf7 0-1

[Event "Early-Titled-Tuesday-Blitz-February-20-2024"]
[Site "Chess.com"]
[Date "2024.02.20"]
[Round "1"]
[White "leclash"]
[Black "tuschessCM1"]
[Result "1-0"]
[WhiteElo "2365"]
[BlackElo "2665"]
[TimeControl "180+1"]
[EndTime "8:08:20 PST"]
[Termination "leclash won by checkmate"]

1. d4 Nf6 2. c4 g6 3. Nc3 Bg7 4. e4 d6 5. Nge2 O-O 6. f3 c5 7.
d5 e6 8. Ng3 exd5 9. cxd5 a6 10.
a4 Nbd7 11. Be2 h5 12. O-O Rb8 13. Be3 Nh7 14. Qd2 h4 15. Nh1 f5 16. Nf2 Ndf6 17.
Bh6 Bd7 18. a5 Qc7 19. Bc4 Rbe8 20. Bxg7 Kxg7 21. Nd3 fxe4 22. fxe4 Nxe4 23. Nxe4 Rxe4 24. Rxf8 Nxf8 25. Qc3+ Rd4 26. Nf4 Kh7 27. Rf1 Bf5 28. Ne2 Re4 29. Bd3 Re3 30. Rxf5 Rxd3 31. Qxd3 gxf5 32. Qxf5+ Ng6 33. Nf4 Qg7 34. Qh5+ Qh6 35. Qxh6+ Kxh6 36. Nxg6 Kxg6 37. Kf2 Kf5 38. Kf3 Ke5 39. Kg4 Kxd5 40. Kf5 Kc4 41. g4 hxg3 42. hxg3 d5 43. g4 d4 44. Ke4 Kb3 45. Kd3 Kxb2 46. g5 Kb3 47. g6 c4+ 48. Kxd4 c3 49. g7 c2 50. g8=Q+ Kb2 51. Qg2 Kb1 52. Qxb7+ Ka1 53.
Qc6 Kb2 54. Qc3+ Kb1 55. Qb3+ Ka1 56. Qe3 Kb1 57. Kc5 c1=Q+ 58. Qxc1+ Kxc1 59. Kb6 Kb2 60. Kxa6 Kb3 61. Kb7 Kb4 62. a6 Kb5 63. a7 Kc5 64.
a8=Q Kb5 65. Qc8 Kb4 66. Qc6 Kb3 67. Kb6 Kb2 68. Qc5 Kb3 69. Kb5 Kb2 70. Qe3 Kc2 71. Kb4 Kb2 72. Qf2+ Kb1 73. Kb3 Kc1 74. Qe1# 1-0

[Event "Early-Titled-Tuesday-Blitz-February-20-2024"]
[Site "Chess.com"]
[Date "2024.02.20"]
[Round "1"]
[White "MatthewG-p4p"]
[Black "krzysztofszczurek"]
[Result "1-0"]
[WhiteElo "2874"]
[BlackElo "2489"]
[TimeControl "180+1"]
[EndTime "8:08:23 PST"]
[Termination "MatthewG-p4p won by resignation"]

1. f4 Nf6 2. Nf3 d5 3. g3 c5 4. Bg2 Nc6 5. O-O g6 6. d3 Bg7 7.
Nc3 O-O 8. e4 dxe4 9. dxe4 Bg4 10. e5 Nd7 11. h3 Bxf3 12. Qxf3 Nb6 13. Be3 Nc4 14. Rfd1 Qa5 15. Bf2 Nxb2 16. Rdb1 Nc4 17. Rxb7 Nd4 18. Bxd4 cxd4 19. Nd5 e6 20. Ne7+ Kh8 21.
Nc6 Qd2 22. Qd3 Qxd3 23. cxd3 Ne3 24. Be4 f6 25. Nxd4 Rae8 26. Nc6 fxe5 27. fxe5 a6 28. Re1 Nc2 29. Rf1 Rxf1+ 30. Kxf1 a5 31. Ke2 Nb4 32. Nxb4 axb4 33. d4 Ra8 34. Bb1 Kg8 35. Rxb4 Ra3 36. Rb8+ Kf7 37. Rb7+ Kg8 38. Rb6 Kf7 39. Kf2 Bh6 40.
Rb7+ Kg8 41. Rb4 Be3+ 42. Kg2 Bd2 43. Rc4 Re3 44. a4 Re1 45. Bd3 Ra1 46. Rc8+ Kg7 47. Bb5 Be3 48. Rd8 Rd1 49. Rd6 Rxd4 50. Rxe6 Rd2+ 51.
Kf3 Bc5 52. Rc6 Bd4 53. Ke4 Ba1 54. Rc7+ Kh6 55. a5 Rd4+ 56. Kf3 Rb4 57. Rc5 Rb3+ 58. Kg2 Ra3 59. Bc4 Bc3 60. a6 Bd4 61. Rd5 Bc3 62. e6 Bb4 63. Rd7 Ra5 64. a7 Bc5 65. e7 Bxe7 66. Rxe7 Kg5 1-0

[Event "Early-Titled-Tuesday-Blitz-February-20-2024"]
[Site "Chess.com"]
[Date "2024.02.20"]
[Round "1"]
[White "DenLaz"]
[Black "sakkikuska"]
[Result "1-0"]
[WhiteElo "3047"]
[BlackElo "2528"]
[TimeControl "180+1"]
[EndTime "8:08:28 PST"]
[Termination "DenLaz won on time"]

1. d4 Nf6 2. c4 g6 3. g3 c6 4. Bg2 d5 5. Nf3 Bg7 6. O-O O-O 7.
b3 Bf5 8. Bb2 Ne4 9. Nh4 Bc8 10.
Qc2 Nf6 11. Nd2 Na6 12. Rad1 Nb4 13. Qb1 a5 14. a3 Na6 15. e4 dxe4 16. Nxe4 Bg4 17.
Rd2 Qd7 18. d5 cxd5 19. Nxf6+ Bxf6 20. Rxd5 Qc7 21. Bxf6 exf6 22. Qb2 Be6 23. Rb5 Nc5 24. b4 axb4 25. axb4 Na4 26. Qxf6 Qxc4 27. Rxb7 Rab8 28. Re7 Qc3 29. Qg5 Qxb4 30. Nf3 Rb5 31. Qf6 Rf5 32. Qh4 Qxh4 33. Nxh4 Rc5 34. Nf3 Nc3 35. h4 Nd5 36. Ra7 Nf6 37. Ng5 Re8 38. Re1 h6 39. Nxe6 Rxe6 40.
Rxe6 fxe6 41. Bh3 Rc6 42. Kg2 Kf8 43. Kf3 Rd6 44. Kf4 Rd7 45. Ra6 Nd5+ 46. Ke5 Nb4 47. Ra8+ Kg7 48. Kxe6 Rb7 49. f4 Nd3 50. h5 Nf2 51.
Bg2 Rb6+ 52. Ke5 Ng4+ 53. Kd4 Nf6 54. Ra7+ Kf8 55. hxg6 Ne8 56. Rf7+ Kg8 57. Be4 Rb4+ 58. Ke5 Rb5+ 59. Bd5 1-0

[Event "Early-Titled-Tuesday-Blitz-February-20-2024"]
[Site "Chess.com"]
[Date "2024.02.20"]
[Round "1"]
[White "Rakhmanov_Aleksandr"]
[Black "Mr_ruthless"]
[Result "1-0"]
[WhiteElo "2868"]
[BlackElo "2483"]
[TimeControl "180+1"]
[EndTime "8:08:28 PST"]
[Termination "Rakhmanov_Aleksandr won by resignation"]

1. c4 c5 2. Nc3 Nc6 3. Nf3 g6 4.
e3 Bg7 5. d4 cxd4 6. exd4 d6 7.
d5 Ne5 8. Nxe5 Bxe5 9. Be2 Bg7 10. O-O Nf6 11. Be3 O-O 12. Qd2 Bf5 13. Bd4 Qd7 14. Rfe1 Rfc8 15. Bf1 e5 16. dxe6 Bxe6 17. b3 d5 18.
cxd5 Nxd5 19. Bxg7 Kxg7 20. Ne4 Bf5 21. Rad1 Nf6 22.
Qb2 Qe7 23. Nd6 Qf8 24. Nxc8 Rxc8 25. Rc1 Rd8 26. h3 Qd6 27. Qe2 h5 28. Red1 Qb6 29.
Rxd8 Qxd8 30. Qb2 Qb6 31. Rd1 Kh7 32. Qe5 Ne4 33. Qf4 Nc3 34. Rd2 Qa5 35. Qd4 Ne4 36. Re2 Nc3 37. Rd2 Be6 38. b4 Qa3 39.
Rd3 Nb5 40. Rxa3 Nxd4 41. Rxa7 Bd5 42. a3 Ne6 43. Ra5 Bc6 44. Re5 Kg7 45. Re3 Kf6 46.
Rc3 Nd4 47. Bc4 Ke5 48. Re3+ Kd6 49. Bxf7 g5 50. Bxh5 Nc2 51. Bf3 Nxe3 52. fxe3 Bd7 53. Kh2 b6 54. g3 Ke5 55. h4 gxh4 56. gxh4 Bf5 57. Kg3 1-0

[Event "Early-Titled-Tuesday-Blitz-February-20-2024"]
[Site "Chess.com"]
[Date "2024.02.20"]
[Round "1"]
[White "Rozhkov_V"]
[Black "AvitalBor"]
[Result "0-1"]
[WhiteElo "2407"]
[BlackElo "2748"]
[TimeControl "180+1"]
[EndTime "8:08:28 PST"]
[Termination "AvitalBor won by resignation"]

1. c4 b6 2. Nc3 Bb7 3. d4 e6 4. e4 Bb4 5. Bd3 f5 6. d5 fxe4 7. Bxe4 Nf6 8. Bf3 Bxc3+ 9. bxc3 O-O 10. Ne2 e5 11. Ng3 d6 12. O-O Nbd7 13. a4 a5 14. Be2 Nc5 15. Be3 Bc8 16. Bxc5 bxc5 17.
Bd3 Qe8 18. Qc2 g6 19. f3 Bd7 20. Rfb1 Rb8 21. Be2 Kg7 22. Rb2 Rxb2 23. Qxb2 Qa8 24. Rb1 Bxa4 25. Qb7 Rc8 26. Qxa8 Rxa8 27. Rb7 Ne8 28.
Ne4 Bd7 29. Bd1 a4 30. Rb2 a3 31. Ra2 Bf5 32. Nd2 Nf6 33. Kf2 Nd7 34. g4 Nb6 35. gxf5 gxf5 36. Bb3 Kf6 37. Nb1 Rb8 38. Rxa3 Kg5 39.
Nd2 Kf4 40. Ra7 Rc8 41. Rb7 e4 42. fxe4 fxe4 43. Ke2 Rg8 44. Rxc7 Rg2+ 45. Ke1 Ke3 46. Nf1+ Kd3 47. Bd1 Nxc4 48. Rf7 Ne5 49. Rf2 Rg7 50. Bc2+ Kxc3 51. Bxe4 Kd4 52. Bh1 Nd3+ 53. Ke2 Re7+ 54. Kf3 Rf7+ 55. Kg3 Nxf2 56. Bg2 Ne4+ 57. Bxe4 Kxe4 0-1

[Event "Early-Titled-Tuesday-Blitz-February-20-2024"]
[Site "Chess.com"]
[Date "2024.02.20"]
[Round "1"]
[White "Panchenko_Dmitry"]
[Black "PedroGil25"]
[Result "1-0"]
[WhiteElo "2830"]
[BlackElo "2464"]
[TimeControl "180+1"]
[EndTime "8:08:29 PST"]
[Termination "Panchenko_Dmitry won by resignation"]

1. e4 c5 2. Nf3 e6 3. d4 cxd4 4. Nxd4 a6 5. Nc3 Qc7 6. Qf3 Bb4 7. Bd2 Nc6 8. Nxc6 bxc6 9. h4 Nf6 10. g4 d5 11. g5 Nd7 12. O-O-O a5 13. h5 Ne5 14. Qg3 Bd6 15. f4 a4 16. fxe5 Bxe5 17. Qf3 a3 18. b3 Bd7 19. Bd3 Qb6 20. Ne2 O-O-O 21. Bf4 Bxf4+ 22. Qxf4 Rhf8 23. h6 g6 24. e5 c5 25. c4 d4 26. Be4 Ba4 27. Rh3 Kc7 28. Bg2 Rb8 29. Rhd3 Bd7 30. Ng3 Bc8 31. Ne4 Ba6 32. Nd6 Qb4 33. Qe4 Rb6 34. Rf1 Kb8 35.
Qa8+ Kc7 36. Qxf8 Rb8 37. Qe7+ Kb6 38. Qd7 Ka5 39. Qa4+ Qxa4 40. bxa4 Rb2 41. Bc6 Rxa2 42. Rfd1 Rh2 43. R3d2 Rh5 44. Bb5 Rxg5 45. Bxa6 Kxa6 46.
Nxf7 Rh5 47. Rf2 Rh3 48. Rf6 Rb3 49. Rd2 Rc3+ 50. Kb1 Rxc4 51. Ra2 Rxa4 52. Rxe6+ Kb5 53. Nd6+ Kb4 54. Re8 Kc3 55. e6 c4 56. Rc2+ Kd3 57.
Nxc4 Rb4+ 58. Kc1 a2 59. Rxa2 Rxc4+ 60. Kd1 Rb4 61. Ra3+ Ke4 62. e7 Rb1+ 63. Kc2 Rb7 64. Ra6 d3+ 65. Kc3 Rc7+ 66. Kd2 Rc2+ 67. Kd1 Ke3 68.
Re6+ Kd4 69. Rd8+ 1-0

[Event "Early-Titled-Tuesday-Blitz-February-20-2024"]
[Site "Chess.com"]
[Date "2024.02.20"]
[Round "1"]
[White "Zarinur"]
[Black "Eagle_2019"]
[Result "1/2-1/2"]
[WhiteElo "2498"]
[BlackElo "2867"]
[TimeControl "180+1"]
[EndTime "8:08:31 PST"]
[Termination "Game drawn - insufficient material"]

1. e4 c6 2. d4 d5 3. exd5 cxd5 4. Bd3 Nc6 5. c3 Nf6 6. h3 g6 7. Nf3 Bf5 8. Be2 e6 9. Bf4 Bd6 10. Bxd6 Qxd6 11. O-O h5 12. Nbd2 Rg8 13. Bb5 Kf8 14.
Bxc6 bxc6 15. Ne5 g5 16. Qa4 g4 17. h4 c5 18. g3 Kg7 19. Qc6 Qxc6 20. Nxc6 Rgc8 21. Ne7 Rcb8 22. Nxf5+ exf5 23. Rab1 cxd4 24. cxd4 Rb4 25. Nb3 a5 26. Nc5 Rxd4 27. Rfd1 Rc4 28. Rbc1 Rxc1 29. Rxc1 Rc8 30. Ne6+ fxe6 31. Rxc8 d4 32. Rc4 e5 33. Rc5 d3 34. Kf1 Ne4 35.
Rxe5 Nd2+ 36. Kg2 Nc4 37. Rd5 Nxb2 38. a4 Kf6 39. Kf1 Ke6 40. Rd8 Ke5 41. Ke1 Ke4 42.
Kd2 Nc4+ 43. Kc3 Nb6 44. Rxd3 Nxa4+ 45. Kd2 Nc5 46. Rc3 Kd4 47. f3 a4 48. Kc2 Kd5 49.
fxg4 fxg4 50. Kb2 Kd4 51. Ra3 Nd3+ 52. Kc2 Nc5 53. Rc3 Ne4 54. Ra3 Kd5 55. Kd3 Nxg3 56.
Rxa4 Ke5 57. Ke3 Nf5+ 58. Kf2 Nxh4 59. Ra5+ Kf4 60. Rxh5 g3+ 61. Kf1 Nf3 62. Kg2 Ne1+ 63. Kf1 Nf3 64. Kg2 Ne1+ 65. Kf1 Nc2 66. Rh4+ Kf3 67. Rh3 Ne3+ 68. Kg1 Nf5 69. Rxg3+ Nxg3 1/2-1/2

[Event "Early-Titled-Tuesday-Blitz-February-20-2024"]
[Site "Chess.com"]
[Date "2024.02.20"]
[Round "1"]
[White "ATM622"]
[Black "Kirill_Klukin"]
[Result "0-1"]
[WhiteElo "2482"]
[BlackElo "2863"]
[TimeControl "180+1"]
[EndTime "8:08:31 PST"]
[Termination "Kirill_Klukin won by resignation"]

1. d4 Nf6 2. c4 Nc6 3. Nf3 e6 4. Nc3 Bb4 5. Bd2 O-O 6. Qc2 d6 7. e3 e5 8. O-O-O exd4 9. exd4 Bg4 10. Bg5 h6 11. Bxf6 Qxf6 12. Nd5 Qd8 13. a3 Ba5 14. b4 Bb6 15. c5 a5 16. cxb6 Bxf3 17. gxf3 axb4 18. bxc7 Qg5+ 19. Ne3 bxa3 20. Kb1 Rfc8 21.
Qf5 Qxf5+ 22. Nxf5 Rxc7 23. Nxd6 a2+ 24. Ka1 Nb4 25.
Bd3 Rc3 26. Be4 Rd8 27. Nxb7 Re8 28. Nc5 Ra3 29. Rc1 Rb8 30. Rhe1 g6 31. Re3 Ra5 32. Rb3 Rab5 33. Rc4 f5 34. Nd7 Nc2+ 35. Bxc2 Rxb3 36. Bxb3 Rxb3 37. Kxa2 Rxf3 38. Rc7 Rxf2+ 39. Kb3 Kf7 40. d5 Rxh2 41. Kc4 Rd2 42. Ne5+ Kf6 43. Nc6 f4 44.
Rc8 Kg7 45. Rc7+ Kf6 46. Rc8 Kg7 47. Kc5 f3 48. Rc7+ Kf6 49. Rc8 Kg7 50. Rc7+ Kg8 51. Nd8 Rc2+ 52. Kd6 Rxc7 53. Kxc7 f2 54. d6 f1=Q 55.
d7 Qf4+ 56. Kc8 Qc4+ 57. Kb7 Qd5+ 58. Kc7 Qe5+ 59. Kb7 Qe7 60. Kc8 Qd6 61. Nb7 Qc6+ 62. Kb8 Qxd7 0-1

[Event "Early-Titled-Tuesday-Blitz-February-20-2024"]
[Site "Chess.com"]
[Date "2024.02.20"]
[Round "1"]
[White "Grande_Strategia"]
[Black "lucasran"]
[Result "0-1"]
[WhiteElo "2254"]
[BlackElo "2652"]
[TimeControl "180+1"]
[EndTime "8:08:33 PST"]
[Termination "lucasran won by checkmate"]

1. f3 e5 2. Kf2 Nc6 3. g3 Nf6 4.
Bh3 Bc5+ 5. Kg2 d5 6. d3 Qe7 7.
Bg5 h6 8. Bxf6 Qxf6 9. e4 Bxh3+ 10.
Nxh3 O-O-O 11. Nc3 dxe4 12. fxe4 Qe6 13. Rf1 Nd4 14.
Ne2 Nc6 15. a3 f6 16. b4 Bb6 17. Qe1 h5 18. a4 h4 19. Rh1 Qg4 20. a5 Be3 21. b5 Nb4 22. Qd1 f5 23. Nc3 Bd4 24.
Nf2 h3+ 25. Kf1 Qxd1+ 26. Nfxd1 Nxc2 27. Rc1 Nb4 28. Nd5 Nxd5 29. exd5 Rxd5 30. Ke2 Rxb5 31.
Rc2 Rxa5 32. Rf1 g6 33. Ne3 Bxe3 34. Kxe3 Rd8 35. g4 Ra3 36. gxf5 Raxd3+ 37. Ke2 gxf5 38. Rxf5 a6 39. Rxe5 Rd1 40. Re7 R1d7 41. Re3 Rg8 42. Kf1 Rd1+ 43. Ke2 Rdg1 44. Kd3 R1g2 45. Rc4 Rd8+ 46.
Kc3 Rxh2 47. Re7 c6 48. Rb4 Rd7 49. Re8+ Kc7 50. Re6 Ra2 51. Rh4 Ra3+ 52. Kb4 Rad3 53. Reh6 R3d4+ 54. Kc5 Rxh4 55. Rxc6+ Kb8 56. Rc8+ Kxc8 57.
Kb6 Rd6+ 58. Ka7 Kc7 59. Ka8 b5 60. Ka7 b4 61. Ka8 b3 62. Ka7 a5 63. Ka8 a4 64. Ka7 a3 65. Ka8 a2 66. Ka7 a1=Q# 0-1